 Dungeon Crawl Stone Soup version 0.15-a0-429-gf5d7e11 (webtiles) character file.

415 PolkaDot the Vexing (level 5, -9/35 HPs)
             Began as a Vampire Enchanter on May 6, 2014.
             Mangled by an ogre
             ... wielding a +0,+0 giant spiked club
              (27 damage)
             ... on Level 4 of the Dungeon.
             The game lasted 00:07:07 (2739 turns).

PolkaDot the Vexing (Vampire Enchanter)             Turns: 2739, Time: 00:07:07

HP  -9/35        AC  4     Str  7      XL: 5   Next: 42%
MP   5/9         EV 12     Int 17      God:
Gold 223         SH  0     Dex 15      Spells:  3 memorised,  2 levels left

rFire  x . .     SeeInvis +     a - +1 dagger
rCold  + + +     Clarity  .     b - +1 robe
rNeg   + + +     Conserve .     (no shield)
rPois  +         rCorr    .     (no helmet)
rElec  .         rRot     +     p - +0 cloak
SustAb . .       Spirit   .     (no gloves)
rMut   .         Warding  .     (no boots)
Saprov . . .     Stasis   .     (no amulet)
MR     .....                    (no ring)
                                f - ring of ice

@: non-regenerating, not resistant to hostile enchantments, stealthy
A: fangs 3, see invisible, unbreathing
a: Bat Form


You were on level 4 of the Dungeon.
You were bloodless.

You visited 1 branch of the dungeon, and saw 4 of its levels.

You collected 223 gold pieces.

Inventory:

Hand weapons
 a - a +1,+1 dagger (weapon)
Missiles
 d - 12 darts (quivered)
Armour
 b - a +1 robe (worn)
 p - a +0 cloak (worn)
Magical devices
 s - a wand of fireball (2)
Scrolls
 g - a scroll of magic mapping {unknown}
 i - a scroll of enchant weapon II {unknown}
 l - a scroll of immolation {unknown}
 m - a scroll of enchant armour {unknown}
 o - 2 scrolls of noise {unknown}
 q - a scroll of fear {unknown}
 r - 3 scrolls of blinking {unknown}
 t - a scroll of identify {unknown}
 u - a scroll of enchant weapon I {unknown}
Jewellery
 f - a ring of ice (left hand)
Potions
 j - 5 potions of curing {unknown}
 k - 2 potions of brilliance {unknown}
 n - a potion of poison {unknown}
Books
 c - a book of Maledictions

   Spells                             Type                      Level
   *Corona                            Hexes                        1
   Sure Blade                         Hexes/Charms                 2
   *Ensorcelled Hibernation           Hexes/Ice                    2
   *Confuse                           Hexes                        3
   Dazzling Spray                     Conjuration/Hexes            3
   Enslavement                        Hexes                        4


   Skills:
 + Level 3.0 Short Blades
 - Level 0.7 Throwing
 - Level 2.1 Dodging
 + Level 5.0 Stealth
 - Level 2.0 Spellcasting
 * Level 7.1 Hexes


You had 2 spell levels left.
You knew the following spells:

 Your Spells              Type           Power        Failure   Level  Hunger
a - Corona                Hex            ####...      1%          1    #......
c - Confuse               Hex            ####....     3%          3    ####...
d - Ensorcelled Hibernat  Hex/Ice        ###...       10%         2    ###....


Dungeon Overview and Level Annotations

Branches:
Dungeon (4/15)
 Temple: D:4-7

Altars:
Dithmenos
Kikubaaqudgha
Nemelex Xobeh
Sif Muna
Trog
Vehumet
Xom


Innate Abilities, Weirdness & Mutations

You do not heal naturally.
You have razor-sharp teeth.*
You have supernaturally acute eyesight.
You can survive without breathing.*


Message History

The ball python bites you but does no damage.
The ball python constricts you.
You hit the ball python.
You kill the ball python!
Casting: Ensorcelled Hibernation
Confirm with . or Enter, or press ? or * to list all spells.
Aiming: Ensorcelled Hibernation
Press: ? - help, Shift-Dir - straight line, f - ogre
Aim: an ogre, wielding a giant spiked club You feel a surge of power!
The ogre resists.
The ogre hits you with a giant spiked club!
Casting: Ensorcelled Hibernation
Confirm with . or Enter, or press ? or * to list all spells.
Aiming: Ensorcelled Hibernation
Press: ? - help, Shift-Dir - straight line, f/p - ogre
Aim: an ogre, wielding a giant spiked club You feel a surge of power!
The ogre resists.
The ogre hits you with a giant spiked club!
Ouch! That really hurt!
You die...

#(#.......#..
#.#..####[#.#####
#...............#
#######...###.###.#
.................#.#
###########.#.#.#.#
...#...#.#
######################.#
.......%...O@$.........#
########################


You could see an ogre.

Vanquished Creatures
  2 orc wizards (D:3)
  A hound (D:3)
  2 adders (D:3)
  A giant mite (D:1)
  3 worms
  3 giant geckos
  3 oozes (D:3)
  8 orcs (D:3)
  4 bats
  A bat zombie (D:3)
  3 giant cockroaches
  7 hobgoblins
  5 kobolds
  A quokka (D:3)
  2 ball pythons
  3 giant newts
  5 goblins
  2 jackals (D:3)
  10 rats
66 creatures vanquished.

Notes
Turn   | Place    | Note
--------------------------------------------------------------
     0 | D:1      | PolkaDot, the Vampire Enchanter, began the quest for the Orb.
     0 | D:1      | Reached XP level 1. HP: 13/13 MP: 3/3
   403 | D:1      | Reached skill level 5 in Hexes
   403 | D:1      | Reached XP level 2. HP: 14/19 MP: 4/4
   739 | D:1      | Learned a level 2 spell: Ensorcelled Hibernation
  1029 | D:2      | Found a shimmering altar of Xom.
  1081 | D:2      | Found a deep blue altar of Sif Muna.
  1239 | D:2      | Found a radiant altar of Vehumet.
  1280 | D:2      | Reached XP level 3. HP: 24/24 MP: 6/6
  1668 | D:3      | Learned a level 3 spell: Confuse
  1740 | D:3      | Found a sparkling altar of Nemelex Xobeh.
  1778 | D:3      | Found a bloodstained altar of Trog.
  1804 | D:3      | Reached skill level 6 in Hexes
  1804 | D:3      | Reached XP level 4. HP: 30/30 MP: 4/7
  1949 | D:3      | Found an ancient bone altar of Kikubaaqudgha.
  2225 | D:3      | Reached skill level 7 in Hexes
  2225 | D:3      | Reached XP level 5. HP: 30/35 MP: 3/9
  2588 | D:4      | Reached skill level 5 in Stealth
  2596 | D:4      | Found a shadowy altar of Dithmenos.
  2725 | D:4      | Noticed an ogre
  2739 | D:4      | Mangled by an ogre

Action                   |  1- 3 |  4- 6 || total
-------------------------+-------+-------++-------
Melee: Dagger            |   106 |    89 ||   195
 Cast: Ensorcelled Hiber |     7 |    16 ||    23
Evoke: Wand              |       |     1 ||     1
  Use: Scroll            |     1 |     1 ||     2
 Stab: Sleeping          |    17 |    16 ||    33
